Match 42451581
Unlisted

Match 42451581
End
Engineer Squad
Selects Special Operations Battlegroup
Selects M29 Weasel Recon Vehicle
M29 Weasel Recon Vehicle
Construct Barracks
Riflemen Squad
Riflemen Squad
Riflemen Squad
Infantry Support Center
Grenade Package
Construct Medical Station
Selects Raiding Flares
Construct Weapon Support Center
M3 Armored Personnel Carrier
M1 Mortar Team
M1918 Browning Automatic Rifles
Raiding Flares
Advanced Logistics
Captain Retinue
M3 Armored Personnel Carrier
Selects SSF Commando Squad
Construct Tank Depot
Raiding Flares
Selects P-47 Anti-Infantry Loiter
M18 Hellcat Tank Destroyer
M18 Hellcat Tank Destroyer
M18 Hellcat Tank Destroyer
P-47 Anti-Infantry Loiter
M18 Hellcat Tank Destroyer
M4(105) Sherman Bulldozer
SSF Commando Squad
SSF Commando Squad
M18 Hellcat Tank Destroyer
Selects UNKNOWN (2162291)
Sparkle
Mo-J
Wheeler
mr.Brookerr
vCoh
idjTO0rxIlnnmm
0
0

Comments sign in to comment!

No comments posted yet!